 Dungeon Crawl Stone Soup version 0.24-a0-416-g56ce5178b7 (webtiles) character file.

Game seed: 11570506143986298741

556407 infamovsego the Slayer (level 25, -11/255 HPs)
             Began as a Minotaur Monk on June 9, 2019.
             Was the Champion of Yredelemnul.
             Mangled by a white draconian
             ... wielding a +0 halberd
              (12 damage)
             ... on level 5 of the Realm of Zot on June 11, 2019.
             The game lasted 06:35:39 (79355 turns).

infamovsego the Slayer (Minotaur Monk)             Turns: 79355, Time: 06:35:40

Health: -11/255    AC: 35    Str: 30      XL:     25   Next: 21%
Magic:  5/36       EV: 21    Int:  3      God:    Yredelemnul [******]
Gold:   3753       SH:  0    Dex: 19 (20) Spells: 32/32 levels left

rFire    + + +     SeeInvis .   b - +6 executioner's axe (venom)
rCold    + + .     Gourm    .   (shield currently unavailable)
rNeg     . . .     Faith    .   N - +15 Maxwell's patent armour {-Cast -Tele rElec MR+ rCorr}
rPois    +         Spirit   .   (helmet restricted)
rElec    +         Reflect  .   o - scarf {rC+ rF+}
rCorr    +         Harm     +   O - +0 pair of gloves
MR       ++...     Rnd*Rage +   L - +1 pair of boots Stlth ..........NoTele +
                                R - amulet of the Sun {Harm *Drain rElec Str+6 Dex+3}
HPRegen  0.00/turn NoCast   +   r - +6 ring of slaying
MPRegen  0.25/turn              Z - ring "Sagor" {rF+ MP+9 Slay+3}

@: resistant, injury mirror, berserk cooldown, very slightly contaminated,
hasted and slowed, invisible
A: retaliatory headbutt, hooves 1, horns 2, repulsion field 1, berserk 1, blurry
vision 2, deformed body, deterioration 1, dopey 2, low mp 1, inhibited
regeneration, subdued magic 2
}: 3/15 runes: decaying, silver, gossamer
a: Recall Undead Slaves, Injury Mirror, Animate Dead, Drain Life, Enslave Soul,
Renounce Religion


You were on level 5 of the Realm of Zot.
You worshipped Yredelemnul.
Yredelemnul was exalted by your worship.
You were near starving.

You visited 10 branches of the dungeon, and saw 50 of its levels.
You visited 1 bazaar.

You collected 7088 gold pieces.
You spent 3335 gold pieces at shops.

Inventory:

Hand Weapons
 a - a +3 eveningstar of venom
 b - a +6 executioner's axe of venom (weapon)
 B - a +5 hand axe of venom
Missiles
 g - 8 curare-tipped darts (quivered)
Armour
 o - a scarf of resistance (worn)
 u - a +1 shield
 L - a +1 pair of boots (worn)
 N - the +15 Maxwell's patent armour (worn) {-Cast -Tele rElec MR+ rCorr}
   (You bought it in a shop in a bazaar)

   It insulates you from electricity.
   It affects your resistance to hostile enchantments.
   It prevents spellcasting.
   It prevents most forms of teleportation.
   It provides partial protection from all sources of acid and corrosion.
 O - a +0 pair of gloves (worn)
Jewellery
 l - an uncursed ring of magical power {unknown}
 n - a +3 ring of protection
 r - a +6 ring of slaying (left hand)
 C - the ring "Vostridd" {rC+ MP+9 Slay+3}
   (You took it off a deep elf death mage on level 3 of the Elven Halls)

   [ring of magical power]

   It affects your accuracy and damage with ranged weapons and melee attacks
   (+3).
   It protects you from cold.
   It affects your magic capacity (+9).
 P - the ring "Onupryra" {rF+ MR+}
   (You found it on level 2 of the Elven Halls)

   [ring of protection from magic]

   It protects you from fire.
   It affects your resistance to hostile enchantments.
 R - the amulet of the Sun (around neck) {Harm *Drain rElec Str+6 Dex+3}
   (You found it on level 14 of the Dungeon)

   [amulet of harm]

   It increases damage dealt and taken.
   It affects your strength (+6).
   It affects your dexterity (+3).
   It insulates you from electricity.
   It causes draining when unequipped.
 Z - the ring "Sagor" (right hand) {rF+ MP+9 Slay+3}
   (You found it on level 2 of the Vaults)

   [ring of magical power]

   It affects your accuracy and damage with ranged weapons and melee attacks
   (+3).
   It protects you from fire.
   It affects your magic capacity (+9).
Wands
 k - a wand of paralysis (18)
 v - a wand of enslavement (35)
 x - a wand of digging (9)
 A - a wand of flame (30)
 E - a wand of scattershot (18)
Scrolls
 e - 8 scrolls of fear
 f - a scroll of brand weapon
 h - 27 scrolls of remove curse
 i - 2 scrolls of fog
 q - 6 scrolls of enchant armour
 s - 17 scrolls of teleportation
 F - a scroll of enchant weapon
 H - a scroll of silence
 K - 4 scrolls of summoning
 U - 10 scrolls of identify
 W - 3 scrolls of magic mapping
 Y - 8 scrolls of blinking
Potions
 d - 4 potions of agility
 j - 5 potions of haste
 p - 21 potions of curing
 t - 7 potions of ambrosia
 w - a potion of invisibility
 z - 4 potions of might
 G - a potion of berserk rage
 J - 2 potions of cancellation
 S - 10 potions of flight
 T - 3 potions of brilliance
Comestibles
 c - 41 rations


   Skills:
 + Level 26.6 Fighting
 - Level 25.0(26.0) Axes
 - Level 14.3(21.2) Maces & Flails
 + Level 22.2 Armour
 + Level 14.9 Dodging
 - Level 1.5 Stealth
 - Level 15.0 Shields
 - Level 4.0 Spellcasting
 - Level 12.0 Invocations


You had 32 spell levels left.
You didn't know any spells.
Your spell library contained the following spells:

 Spells                   Type           Power        Failure   Level  Hunger
 Confusing Touch          Hex            #.....       75%         1    ##.....
 Corona                   Hex            #......      75%         1    ##.....
 Flame Tongue             Conj/Fire      #....        75%         1    ##.....
 Infusion                 Chrm           #...         75%         1    ##.....
 Magic Dart               Conj           #...         75%         1    ##.....
 Sandblast                Erth           #.....       75%         1    ##.....
 Shock                    Conj/Air       #...         75%         1    ##.....
 Blink                    Tloc           N/A          87%         2    ###....
 Call Imp                 Summ           #.......     87%         2    ###....
 Corpse Rot               Necr           N/A          87%         2    ###....
 Passwall                 Tmut/Erth      #.......     87%         2    ###....
 Poisonous Vapours        Pois/Air       #.....       87%         2    ###....
 Shroud of Golubria       Chrm/Tloc      #.....       87%         2    ###....
 Slow                     Hex            #.......     87%         2    ###....
 Song of Slaying          Chrm           #.......     87%         2    ###....
 Swiftness                Chrm/Air       #.......     87%         2    ###....
 Throw Flame              Conj/Fire      #.....       87%         2    ###....
 Confuse                  Hex            #.......     98%         3    ####...
 Conjure Flame            Conj/Fire      #.......     98%         3    ####...
 Gell's Gravitas          Tloc           #.........   98%         3    ####...
 Inner Flame              Hex/Fire       #.......     98%         3    ####...
 Lesser Beckoning         Tloc           #.........   98%         3    ####...
 Mephitic Cloud           Conj/Pois/Air  #.......     98%         3    ####...
 Portal Projectile        Hex/Tloc       #.....       98%         3    ####...
 Recall                   Summ/Tloc      N/A          98%         3    ####...
 Regeneration             Chrm/Necr      #.........   98%         3    ####...
 Spectral Weapon          Hex/Chrm       #.......     98%         3    ####...
 Static Discharge         Conj/Air       #.......     98%         3    ####...
 Stone Arrow              Conj/Erth      #.....       98%         3    ####...
 Teleport Other           Tloc           #.......     98%         3    ####...
 Airstrike                Air            #.........   100%        4    #####..
 Animate Dead             Necr           N/A          100%        4    #####..
 Cause Fear               Hex            #.........   100%        4    #####..
 Ice Form                 Ice/Tmut       #.......     100%        4    #####..
 Leda's Liquefaction      Hex/Erth       #.........   100%        4    #####..
 Passage of Golubria      Tloc           N/A          100%        4    #####..
 Petrify                  Tmut/Erth      #.......     100%        4    #####..
 Sticky Flame             Conj/Fire      #.......     100%        4    #####..
 Aura of Abjuration       Summ           #.........   100%        5    ######.
 Bolt of Magma            Conj/Fire/Erth #.........   100%        5    ######.
 Fireball                 Conj/Fire      #.........   100%        5    ######.
 Lee's Rapid Deconstruct  Erth           #.........   100%        5    ######.
 Lightning Bolt           Conj/Air       #.........   100%        5    ######.
 Metabolic Englaciation   Hex/Ice        #.........   100%        5    ######.
 Silence                  Hex/Air        #.........   100%        5    ######.
 Summon Demon             Summ           #.........   100%        5    ######.
 Summon Forest            Summ/Tloc      #.........   100%        5    ######.
 Summon Mana Viper        Hex/Summ       #.......     100%        5    ######.
 Venom Bolt               Conj/Pois      #.........   100%        5    ######.
 Yara's Violent Unravell  Hex/Tmut       #.........   100%        5    ######.
 Bolt of Cold             Conj/Ice       #.........   100%        6    #######
 Darkness                 Hex            #.........   100%        6    #######
 Deflect Missiles         Chrm/Air       #.........   100%        6    #######
 Freezing Cloud           Conj/Ice/Air   #.........   100%        6    #######
 Hydra Form               Tmut           #.........   100%        6    #######
 Invisibility             Hex            #.......     100%        6    #######
 Iron Shot                Conj/Erth      #.........   100%        6    #######
 Ozocubu's Refrigeration  Ice            #.........   100%        6    #######
 Shadow Creatures         Summ           N/A          100%        6    #######
 Simulacrum               Ice/Necr       #.........   100%        6    #######
 Statue Form              Tmut/Erth      #........    100%        6    #######
 Summon Hydra             Summ           #.........   100%        7    #######
 Controlled Blink         Tloc           N/A          100%        8    #######
 Discord                  Hex            #.........   100%        8    #######
 Ignition                 Fire           #.........   100%        8    #######
 Shatter                  Erth           #.........   100%        9    #######
 Tornado                  Air            #.........   100%        9    #######


Dungeon Overview and Level Annotations

Branches:
Dungeon (15/15)            Temple (1/1) D:4            Lair (6/6) D:8
  Swamp (4/4) Lair:4       Spider (4/4) Lair:2          Orc (2/2) D:11
    Elf (3/3) Orc:2        Vaults (5/5) D:13          Crypt (0/3) Vaults:2
 Depths (5/5) D:15            Zot (5/5) Depths:5
  Slime: Lair:5-6

Altars:
Ashenzari
Cheibriados
Dithmenos
Elyvilon
Fedhas
Gozag
Hepliaklqana
Kikubaaqudgha
Makhleb
Nemelex Xobeh
Okawaru
Qazlal
Ru
Sif Muna
Trog
Uskayaw
Vehumet
Wu Jian
Xom
Yredelemnul
Zin
The Shining One
Beogh

Shops:
D:5 :   D:6 [   D:8 %   D:11 [   D:14 =   Orc:2 (*?::   Elf:1 [[%:   Elf:3 *
Vaults:3 =   Vaults:5 }[

Portals:
Hell: Depths:1 Depths:2 Depths:3 Depths:4 Depths:5
Abyss: Depths:4
Pandemonium: Depths:1 Depths:2 Depths:3
Ziggurat: Depths:3
Trove: D:15 (give +3 gold dragon scales)

Annotations:
D:10 exclusion: oklob plant
D:12 2 transporters, exclusion: obsidian statue
Lair:5 1 runed translucent door, SnubMonkey's ghost, journeyman NaEn
Lair:6 exclusion: 2 oklob plants
Swamp:3 2 transporters, Ezendos's ghost, adept DrVM
Orc:1 1 runed translucent door, stonage's ghost, journeyman OpAr
Vaults:1 1 runed translucent door, JellyEater's ghost, adept GrEE
Depths:1 3 runed translucent doors, EvilAshe's ghost, legendary MfGl


Innate Abilities, Weirdness & Mutations

You reflexively headbutt those who attack you in melee.
You have a pair of horns on your head.
You have large cloven feet.
You are surrounded by a mild repulsion field. (EV +2)
You tend to lose your temper in combat.
Scrolls take you longer to read.
Armour fits poorly on your strangely shaped body.
Your body sometimes deteriorates upon taking damage.
You are very dopey. (Int -4)
Your magical capacity is low. (-10% MP)
You do not regenerate when monsters are visible.
Your spells are easier to cast, but less powerful.


Message History

Your moth of wrath zombie is destroyed!
Your bone dragon bites the Killer Klown but does no damage.
Your bone dragon claws the Killer Klown.
Your bone dragon closely misses the Killer Klown.
The Orb Guardian hits you but does no damage.
The Killer Klown blinks!
Something trip-wires your bone dragon!
The Orb Guardian hits your draconian scorcher zombie!
Your draconian scorcher zombie hits the Orb Guardian but does no damage.
You fade into invisibility!
Your bone dragon is no longer mute.
The Orb Guardian misses you.
Your bone dragon bites the Killer Klown but does no damage.
Your bone dragon closely misses the Killer Klown.
Your bone dragon tramples the Killer Klown!
The Killer Klown holds its ground!
The Orb Guardian barely misses your draconian scorcher zombie.
Something hits your bone dragon but does no damage.
The white draconian hits you from afar with a +0 halberd!
You die...
Your body rises from the dead as a mindless zombie.

▓▓########.########
...............#
#.............##
#.............#
##^..........##
#...........# #.
##..d........## #.
#.......)....^# #.
##.@X...XpD.Z..## #.
#.^.....^Zp.X.).###.
#...###########^).###
#....# ##..).# §...##
###... ▓▓▓▓ #▓▓▓


You could see 2 Killer Klowns, a white draconian, 2 Orb Guardians, a friendly
bone dragon and a friendly draconian scorcher zombie.

Vanquished Creatures
  5 orbs of fire
  An ancient lich (Zot:5)
  A curse toe (Zot:5)
  6 golden dragons
  The ghost of Vuacseac the Champion of Chaos, an adept DDFi of Makhleb (Vaults:2)
  3 electric golems
  6 tentacled monstrosities
  14 Orb Guardians (Zot:5)
  3 quicksilver dragons
  A titan (Vaults:5)
  3 sphinxes
  5 shadow dragons
  3 death cobs
  4 storm dragons
  Kirke (Swamp:1)
  6 fire giants
  5 tengu reavers
  A draconian monk (Depths:5)
  7 deep elf sorcerers
  A ghost moth (Zot:5)
  Louise (Elf:2)
  9 frost giants
  A cacodemon (Depths:3)
  4 draconian scorchers
  11 vault wardens
  4 deep elf elementalists
  2 draconian stormcallers
  2 draconian annihilators
  6 draconian shifters
  14 ironheart preservers
  3 entropy weavers
  9 stone giants
  10 green draconians
  17 very ugly things
  4 vampire knights
  5 purple draconians
  6 deep elf demonologists
  4 black draconians
  6 white draconians
  4 deep elf annihilators
  2 red draconians
  3 spark wasps
  5 yellow draconians
  7 ettins
  4 deep elf death magi
  8 fire dragons
  A crystal guardian (Vaults:4)
  8 yaktaur captains
  3 rakshasas
  3 jiangshi (Depths:1)
  A deep elf high priest (Elf:3)
  10 hydras
  3 ice dragons
  18 vault guards
  3 spriggan air magi
  2 centaur warriors
  A ghost crab (Swamp:4)
  2 death knights
  38 two-headed ogres
  5 alligators
  2 vampire magi (Depths:1)
  A death yak (Lair:6)
  6 deep troll earth magi
  9 ogre magi
  3 deep troll shamans
  2 spriggan berserkers
  Sonja (Lair:6)
  18 dancing weapons
  3 soul eaters
  A hell knight (Depths:5)
  8 deep elf knights
  12 deep trolls
  4 skeletal warriors
  An iron troll (Depths:1)
  3 unseen horrors
  A fire crab (shapeshifter) (Vaults:5)
  2 wizards
  2 death drakes
  2 flayed ghosts
  2 deep elf archers
  2 spriggan druids
  A swamp dragon (shapeshifter) (Vaults:5)
  A glowing orange brain (Depths:3)
  5 phantasmal warriors
  4 ironbrand convokers
  A lindwurm (shapeshifter) (Vaults:5)
  A lindwurm (Depths:4)
  4 necromancers
  12 orc knights
  An obsidian statue (Depths:4)
  42 deep elf magi
  A spectral hydra (Swamp:4)
  5 orb spiders
  Pikel (D:7)
  5 harpies (Vaults:3)
  26 ugly things
  4 manticores
  6 fire giant zombies
  3 orc sorcerers
  20 wolf spiders
  16 moths of wrath
  3 frost giant zombies (Depths:1)
  8 elephants
  5 cyclopes
  2 salamanders (Depths:3)
  A rust devil (Depths:4)
  A water nymph (shapeshifter) (Vaults:5)
  Joseph (D:8)
  6 black mambas
  8 vault sentinels
  3 centaur skeletons
  14 spiny frogs
  2 gargoyles
  2 torpor snails
  A spiny frog (shapeshifter) (Elf:3)
  3 rime drakes
  An orange demon (Depths:4)
  2 kobold demonologists
  29 yaktaurs
  A yaktaur (shapeshifter) (Vaults:4)
  5 komodo dragons
  A harpy zombie (D:15)
  6 freezing wraiths
  A red devil (Depths:3)
  7 demonic crawlers
  2 hydra zombies (Swamp:4)
  9 jumping spiders
  6 trolls
  2 polar bears (Lair:6)
  2 meliai (shapeshifter)
  3 meliai (Spider:3)
  A wind drake (shapeshifter) (Depths:1)
  5 tyrant leeches
  11 hornets
  15 slime creatures
  12 blink frogs
  A spectral swamp dragon (Swamp:4)
  7 hippogriffs
  A meliai zombie (D:12)
  2 hippogriffs (shapeshifter)
  2 bog bodies
  A fire giant simulacrum (Depths:1)
  3 alligator zombies (Swamp:4)
  Prince Ribbit (D:8)
  44 redbacks
  5 flying skulls (Depths:1)
  3 wyverns
  17 spriggans
  A shadow (Swamp:4)
  An air elemental (Elf:3)
  14 tarantellas
  A yak (shapeshifter) (Depths:1)
  5 water elementals
  A chaos spawn (Depths:3)
  2 hogs (Swamp:1)
  A fire elemental (Depths:3)
  A golden eye (shapeshifter) (Elf:2)
  A basilisk (D:15)
  An ettin skeleton (Vaults:4)
  25 yaks
  14 vampire mosquitoes
  8 hungry ghosts
  6 insubstantial wisps (Swamp:4)
  10 swamp worms
  A soldier ant (shapeshifter) (Depths:3)
  An acid dragon (D:15)
  6 soldier ants (Spider:1)
  8 wargs
  8 water moccasins
  6 porcupines
  8 hydra simulacra (Depths:3)
  4 sky beasts
  32 orc warriors
  3 ice beasts
  5 swamp drakes
  2 slaves (D:7)
  3 black bears
  A necrophage (D:8)
  A swamp dragon zombie (Swamp:4)
  34 ogres
  4 phantoms
  4 boggarts
  19 wolves
  7 centaurs
  An eye of draining (shapeshifter) (Vaults:4)
  10 crocodiles
  2 big kobolds
  Blork the orc (D:6)
  6 bullfrogs
  A wyvern skeleton (D:14)
  3 scorpions (Lair:2)
  An orc simulacrum (Vaults:1)
  A human simulacrum (Vaults:2)
  An elf simulacrum (Vaults:4)
  13 killer bees
  8 wights
  3 howler monkeys
  13 jellies
  9 crimson imps
  2 centaur zombies
  A quasit (D:10)
  3 hounds
  3 iron imps
  12 orc priests
  4 bullfrog skeletons
  3 iguanas
  2 spectral swamp drakes (Swamp:4)
  Natasha (thrice) (D:3)
  17 orc wizards
  14 worker ants
  5 hell rats (Lair:5)
  5 hound skeletons
  A howler monkey zombie (D:8)
  7 adders
  5 gnolls
  4 shadow imps
  6 white imps
  2 ufetubi
  9 oozes
  An adder zombie (D:5)
  4 worms
  4 leopard geckos
  64 orcs
  10 bats
  7 giant cockroaches
  9 goblins
  3 hobgoblins
  18 jackals
  19 kobolds
  4 quokkas
  A ball python (D:1)
  5 frilled lizards
  A leopard gecko skeleton (D:6)
  A leopard gecko zombie (D:6)
  A quokka zombie (D:6)
  7 rats
  A bush (Lair:2)
  5 fungi
  5 plants
1438 creatures vanquished.

Vanquished Creatures (collateral kills)
  4 ancient liches
  An orb of fire (Zot:1)
  A juggernaut (Depths:4)
  Jory (Depths:1)
  6 golden dragons
  A bone dragon (Swamp:4)
  An electric golem (Zot:3)
  A lich (Vaults:3)
  7 tentacled monstrosities
  2 Orb Guardians (Zot:5)
  7 quicksilver dragons
  4 titans (Vaults:5)
  Asterion (Vaults:3)
  2 deep elf master archers (Elf:3)
  3 deep elf blademasters
  2 shadow dragons
  A death cob (Zot:1)
  4 tengu reavers
  6 storm dragons
  3 draconian monks
  7 deep elf sorcerers (Elf:3)
  The ghost of Zankipu the Fighter, a journeyman HONe of Trog (D:14)
  5 fire giants
  2 draconian knights
  11 vault wardens
  6 ghost moths
  2 deep elf elementalists (Elf:3)
  6 emperor scorpions (Spider:4)
  A draconian stormcaller (Zot:2)
  An iron dragon (Vaults:5)
  3 frost giants
  2 draconian shifters
  A draconian scorcher (Zot:1)
  A spriggan defender (Depths:3)
  A draconian annihilator (Zot:2)
  9 stone giants
  8 ironheart preservers
  14 very ugly things
  2 war gargoyles
  3 vampire knights
  5 entropy weavers
  6 green draconians
  6 black draconians
  A deep elf demonologist (Vaults:1)
  4 deep elf annihilators
  4 yellow draconians
  9 ettins
  6 spark wasps
  4 red draconians
  3 purple draconians
  A blizzard demon (Depths:4)
  A deep elf death mage (Elf:3)
  7 fire dragons
  5 jiangshi
  4 great orbs of eyes
  A green death (Depths:1)
  5 deep elf high priests
  6 yaktaur captains
  5 ice dragons
  A hydra (Swamp:4)
  14 vault guards
  6 alligators
  3 ghost crabs
  3 rakshasas
  3 centaur warriors
  9 ogre magi
  A tengu warrior (Depths:1)
  18 two-headed ogres
  4 death yaks (Lair:6)
  A queen ant (Spider:1)
  8 dancing weapons
  5 deep troll shamans
  2 deep troll earth magi
  4 vampire magi
  9 deep elf knights
  2 small abominations
  2 spriggan berserkers (Depths:5)
  2 soul eaters
  5 glowing orange brains
  3 skeletal warriors
  3 shadow wraiths
  2 wizards
  A flayed ghost (Vaults:5)
  19 deep trolls
  A hell knight (Depths:2)
  A torturous demonspawn (Depths:1)
  2 unseen horrors
  A swamp dragon (Swamp:1)
  11 ironbrand convokers
  12 deep elf archers
  2 spectral hydras (Swamp:4)
  An orange crystal statue (Depths:1)
  2 lindwurms (Depths:4)
  7 phantasmal warriors
  15 orb spiders
  6 orc knights
  3 cyclopes
  24 wolf spiders
  A human zombie (Vaults:4)
  A shining eye (shapeshifter) (Depths:5)
  17 deep elf magi
  A salamander (Depths:3)
  19 ugly things
  A fire giant zombie (Depths:1)
  An elephant (Lair:2)
  5 moths of wrath
  2 centaur zombies
  A frost giant skeleton (Vaults:4)
  4 vault sentinels
  A rust devil (Depths:4)
  4 black mambas
  A black mamba (shapeshifter) (Elf:3)
  An orange demon (Depths:4)
  5 spiny frogs
  A rime drake (Lair:1)
  4 freezing wraiths
  3 komodo dragons
  33 yaktaurs
  2 swamp worm zombies (Swamp:4)
  10 demonic crawlers
  A yaktaur skeleton (Vaults:4)
  2 red devils
  A hydra zombie (Swamp:4)
  A hellwing (Depths:3)
  20 jumping spiders
  A queen bee (Spider:3)
  5 tyrant leeches
  3 meliai (Spider:3)
  6 blink frogs
  17 hornets
  A polar bear (shapeshifter) (Vaults:2)
  6 hippogriffs
  A raiju (shapeshifter) (Vaults:1)
  2 polar bears (Lair:6)
  4 dream sheep (Lair:6)
  11 slime creatures
  A hippogriff (shapeshifter) (D:14)
  2 alligator zombies (Swamp:4)
  24 redbacks
  An air elemental (Elf:3)
  4 bog bodies
  A flying skull (Depths:1)
  3 water elementals
  14 tarantellas
  8 spriggans
  A yak (shapeshifter) (Vaults:1)
  A hog (Swamp:1)
  2 hogs (shapeshifter)
  2 spriggans (shapeshifter)
  6 yaks
  A steam dragon (Lair:3)
  6 vampire mosquitoes
  A chaos spawn (Depths:3)
  5 insubstantial wisps
  3 wargs
  4 swamp worms
  11 soldier ants (Spider:1)
  An acid dragon (D:13)
  A water moccasin (shapeshifter) (Vaults:2)
  A water moccasin (Lair:6)
  6 hell hounds (Depths:1)
  3 porcupines
  5 swamp drakes
  3 eyes of draining
  3 swamp dragon zombies (Swamp:4)
  18 orc warriors
  2 sky beasts
  A black bear (Lair:6)
  6 phantoms (Swamp:4)
  4 centaurs
  21 ogres
  A wolf (shapeshifter) (Vaults:2)
  9 wolves
  A boggart (Lair:6)
  A crocodile (Lair:6)
  2 big kobolds
  5 bullfrogs
  An earth elemental (Elf:2)
  2 human skeletons (Vaults:4)
  2 wyvern skeletons
  2 scorpions
  14 killer bees
  2 spectral wolves (Depths:1)
  9 wights
  2 electric eels (Spider:3)
  6 crimson imps (Depths:4)
  5 orc priests
  A bullfrog skeleton (D:10)
  A jelly (D:14)
  2 iron imps
  An iguana (D:9)
  9 worker ants
  4 orc wizards
  A hell rat (Lair:5)
  A spectral swamp drake (Swamp:4)
  A hound skeleton (D:6)
  3 gnolls (D:8)
  An adder (D:11)
  A swamp drake zombie (Swamp:4)
  2 shadow imps
  2 white imps (Depths:4)
  3 oozes (D:10)
  An adder zombie (D:8)
  An adder skeleton (D:8)
  31 orcs
  A giant cockroach (D:8)
  2 kobolds
  4 bushes
  A crawling corpse (Elf:3)
  41 fungi
  34 plants
1034 creatures vanquished.

Vanquished Creatures (others)
  2 profane servitors
  2 bone dragons (Zot:5)
  An Orb Guardian (Zot:5)
  A quicksilver dragon (Zot:2)
  A spectral demigod (Vaults:4)
  A spectral juggernaut (Depths:5)
  A spectral human (Spider:1)
  15 ghouls spectral
  Arachne (Vaults:2)
  9 vampire knights
  A black draconian (Zot:5)
  A green draconian (Zot:2)
  A deep elf demonologist (Elf:3)
  A jiangshi (Depths:5)
  A tengu warrior (Depths:5)
  An alligator (Swamp:4)
  A vampire mage (Depths:5)
  11 skeletal warriors
  12 flayed ghosts
  An unseen horror (D:13)
  2 very ugly thing zombies (Vaults:4)
  4 ugly thing zombies
  A sphinx zombie (Vaults:5)
  A wolf spider zombie (Spider:4)
  11 phantasmal warriors
  An iron dragon zombie (Vaults:5)
  A wolf spider (Vaults:1)
  A moth of wrath (Zot:3)
  A spiny frog (Swamp:1)
  5 human zombies
  A black draconian zombie (Zot:1)
  2 ghoul skeletons (Zot:5)
  2 redback zombies
  3 moth of wrath zombies
  A troll (shapeshifter) (Depths:2)
  A hydra zombie (D:12)
  A tarantella zombie (Spider:4)
  A bog body (Swamp:4)
  A demonic crawler zombie (Spider:4)
  A jumping spider zombie (Spider:3)
  10 flying skulls
  2 wraiths
  A tarantella (Spider:3)
  10 vampires
  A deep troll skeleton (Vaults:3)
  2 humans (Swamp:1)
  A vampire mosquito (Swamp:4)
  6 two-headed ogre zombies
  2 insubstantial wisps
  2 deep troll zombies (Vaults:5)
  An orb spider zombie (Spider:4)
  4 two-headed ogre skeletons
  5 human skeletons
  A phantom (Swamp:4)
  A hornet zombie (Depths:4)
  7 elf zombies
  A vampire mosquito zombie (D:13)
  A blink frog skeleton (Lair:1)
  A manticore skeleton (D:12)
  A yaktaur zombie (Depths:1)
  5 yaktaur skeletons (Vaults:4)
  A hippogriff skeleton (Lair:6)
  A water moccasin zombie (Lair:6)
  2 warg zombies (Orc:2)
  A yak zombie (Lair:1)
  A spriggan zombie (Lair:6)
  A warg skeleton (Orc:2)
  A spriggan skeleton (Lair:6)
  5 wights
  A troll skeleton (D:12)
  2 wolf zombies (Lair:6)
  7 wolf skeletons
  A basilisk zombie (D:15)
  A bullfrog skeleton (D:13)
  3 centaur skeletons
  A black bear skeleton (D:7)
  3 killer bee zombies (Spider:3)
  2 ogre zombies (Vaults:4)
  A sky beast zombie (D:11)
  A crocodile skeleton (Lair:2)
  10 ogre skeletons
  An adder skeleton (D:5)
  An iguana skeleton (D:7)
  A gnoll skeleton (D:8)
  4 jackal skeletons
  A kobold zombie (D:13)
  24 orc skeletons
  18 orc zombies
  A quokka skeleton (D:7)
  9 fungi
  9 plants (D:8)
287 creatures vanquished.

Grand Total: 2759 creatures vanquished

Notes
Turn   | Place    | Note
-------+----------+-------------------------------------------
     0 | D:1      | infamovsego the Minotaur Monk began the quest for the Orb.
     0 | D:1      | Reached XP level 1. HP: 19/19 MP: 0/0
   114 | D:1      | Reached XP level 2. HP: 26/26 MP: 1/1
   343 | D:1      | Reached skill level 5 in Maces & Flails
   453 | D:1      | Reached XP level 3. HP: 31/31 MP: 2/2
   963 | D:2      | Found an opulent altar of Gozag.
   971 | D:2      | Found a hide-covered altar of Uskayaw.
   973 | D:2      | Found a glowing golden altar of the Shining One.
   975 | D:2      | Found a deep blue altar of Sif Muna.
   980 | D:2      | Found an ornate altar of the Wu Jian Council.
  1047 | D:2      | Reached XP level 4. HP: 33/39 MP: 3/3
  1652 | D:3      | Noticed Natasha
  1659 | D:3      | Killed Natasha
  1914 | D:3      | Noticed Natasha
  1922 | D:3      | Killed Natasha
  1922 | D:3      | Reached XP level 5. HP: 36/45 MP: 4/4
  2005 | D:3      | Noticed Natasha
  2020 | D:3      | Killed Natasha
  2520 | D:4      | Found a burning altar of Makhleb.
  2590 | D:4      | Found a staircase to the Ecumenical Temple.
  2619 | Temple   | Entered the Ecumenical Temple
  2738 | Temple   | Became a worshipper of Yredelemnul the Dark
  2738 | Temple   | Reached * piety under Yredelemnul
  2738 | Temple   | Reached ** piety under Yredelemnul
  2976 | D:4      | Reached XP level 6. HP: 47/51 MP: 5/5
  2992 | D:4      | Reached skill level 1 in Invocations
  3119 | D:4      | Reached XP level 7. HP: 55/57 MP: 7/7
  3840 | D:5      | Entered Level 5 of the Dungeon
  4071 | D:5      | Reached skill level 10 in Maces & Flails
  4171 | D:5      | Reached XP level 8. HP: 36/64 MP: 7/9
  4442 | D:5      | Found Ulyadoes's Book Shoppe.
  4689 | D:6      | Found a shadowy altar of Dithmenos.
  4700 | D:6      | Reached *** piety under Yredelemnul
  4700 | D:6      | Reached skill level 5 in Invocations
  4757 | D:6      | Found Zodiskec's Antique Armour Emporium.
  4880 | D:6      | Found a deep blue altar of Sif Muna.
  5116 | D:6      | Noticed Blork the orc
  5126 | D:6      | Killed Blork the orc
  5126 | D:6      | Reached XP level 9. HP: 53/70 MP: 12/12
  5762 | D:7      | Noticed Pikel
  5777 | D:7      | Killed Pikel
  6086 | D:7      | Noticed a green ugly thing
  6123 | D:7      | Killed a green ugly thing
  6123 | D:7      | Received a gift from Yredelemnul (a wight)
  6170 | D:8      | Reached skill level 1 in Shields
  6185 | D:8      | Found a deep blue altar of Sif Muna.
  6196 | D:8      | Noticed Prince Ribbit
  6200 | D:8      | Killed Prince Ribbit
  6200 | D:8      | Reached skill level 4 in Fighting
  6224 | D:8      | Noticed Joseph
  6248 | D:8      | Killed Joseph
  6248 | D:8      | Reached skill level 1 in Spellcasting
  6269 | D:8      | Reached XP level 10. HP: 71/80 MP: 13/13
  6468 | D:8      | Found Plog's Food Emporium.
  6632 | D:8      | Received a gift from Yredelemnul (3 flying skulls)
  6691 | D:8      | Reached skill level 5 in Fighting
  6849 | D:8      | Reached **** piety under Yredelemnul
  6942 | D:8      | Found a staircase to the Lair.
  7037 | D:9      | Reached skill level 5 in Shields
  7509 | D:9      | Reached skill level 1 in Axes
  7523 | D:9      | Received a gift from Yredelemnul (a wight)
  7584 | D:9      | Found a sacrificial altar of Ru.
  7661 | D:9      | Found the +2 ratskin cloak {+Rats rPois rN+ Str-1 Int-1
                  | Dex+1}
  8177 | D:9      | Received a gift from Yredelemnul (a wraith)
  8192 | D:9      | Got a crystal hand crossbow
  8193 | D:9      | Identified Lokoir's Disquisition on Displacement
  8249 | D:10     | Entered Level 10 of the Dungeon
  8767 | D:10     | Reached skill level 5 in Axes
  8900 | D:10     | Noticed an oklob plant
  8943 | D:10     | Received a gift from Yredelemnul (a wight)
  9845 | D:11     | Reached XP level 11. HP: 72/88 MP: 14/14
  9928 | D:11     | Received a gift from Yredelemnul (a wight)
 10264 | D:11     | Found a staircase to the Orcish Mines.
 10290 | D:11     | Found Nynolorch's Armour Shop.
 10294 | D:11     | Received a gift from Yredelemnul (a wight)
 11164 | D:11     | Got an iridescent glaive
 11358 | D:11     | Killed an unseen horror
 11536 | D:11     | Found a blossoming altar of Fedhas.
 11753 | D:12     | Noticed a sphinx
 11753 | D:12     | Noticed an ettin
 11754 | D:12     | Found a transporter.
 11754 | D:12     | Noticed a great orb of eyes
 11877 | D:12     | Noticed a five-headed hydra
 11886 | D:12     | Killed a five-headed hydra
 11891 | D:12     | Found a transporter.
 11891 | D:12     | Noticed an obsidian statue
 11891 | D:12     | Noticed a glowing orange brain
 12450 | D:12     | Killed an unseen horror
 12450 | D:12     | Reached skill level 10 in Axes
 12731 | D:12     | Noticed an eight-headed hydra
 12732 | D:12     | Noticed a skeletal warrior
 12755 | D:12     | Killed a skeletal warrior
 13047 | D:12     | Noticed a skeletal warrior
 13063 | D:12     | Killed a skeletal warrior
 13256 | D:12     | Noticed a white ugly thing
 13267 | D:12     | Killed a white ugly thing
 13275 | D:12     | Noticed a skeletal warrior
 13286 | D:12     | Killed a skeletal warrior
 13754 | Lair:1   | Entered Level 1 of the Lair of Beasts
 13766 | Lair:1   | Reached XP level 12. HP: 83/94 MP: 17/17
 13771 | Lair:1   | Received a gift from Yredelemnul (2 flying skulls)
 13936 | Lair:1   | Reached skill level 6 in Fighting
 13936 | Lair:1   | Reached skill level 10 in Shields
 14201 | Lair:1   | Reached skill level 7 in Fighting
 15284 | Lair:2   | Reached skill level 8 in Fighting
 15466 | Lair:2   | Got a warped falchion
 15514 | Lair:2   | Found a hole to the Spider Nest.
 15526 | Lair:2   | Reached ***** piety under Yredelemnul
 15754 | Lair:2   | Reached skill level 9 in Fighting
 16439 | Lair:2   | Reached skill level 10 in Fighting
 17345 | Lair:3   | Reached XP level 13. HP: 66/114 MP: 18/18
 18123 | Lair:4   | Received a gift from Yredelemnul (a vampire)
 18819 | Lair:4   | Reached skill level 11 in Fighting
 18909 | Lair:4   | Found a staircase to the Swamp.
 18919 | Lair:4   | Received a gift from Yredelemnul (5 flying skulls)
 19775 | Lair:5   | Found a runed translucent door.
 19777 | Lair:5   | Noticed SnubMonkey's ghost (journeyman NaEn)
 20960 | Lair:6   | Entered Level 6 of the Lair of Beasts
 21216 | Lair:6   | Received a gift from Yredelemnul (a flayed ghost)
 21274 | Lair:6   | Reached skill level 12 in Fighting
 21304 | Lair:6   | Noticed Sonja
 21337 | Lair:6   | Killed Sonja
 21674 | Lair:6   | Received a gift from Yredelemnul (a wraith)
 21796 | Lair:6   | Received a gift from Yredelemnul (a phantasmal warrior)
 21873 | Lair:6   | Reached XP level 14. HP: 77/127 MP: 19/19
 22419 | Lair:6   | Reached ****** piety under Yredelemnul
 22419 | Lair:6   | Received a gift from Yredelemnul (a phantasmal warrior)
 23127 | Orc:1    | Entered Level 1 of the Orcish Mines
 23411 | Orc:1    | Noticed a stone giant
 23475 | Orc:2    | Entered Level 2 of the Orcish Mines
 23700 | Orc:2    | Found a staircase to the Elven Halls.
 24617 | Orc:2    | Found a roughly hewn altar of Beogh.
 24669 | Orc:2    | Reached skill level 13 in Fighting
 24680 | Orc:2    | Reached skill level 10 in Invocations
 24687 | Orc:2    | Received a gift from Yredelemnul (a phantasmal warrior)
 25102 | Orc:2    | Found Hoirecid's Antique Weapon Emporium.
 25102 | Orc:2    | Found Qemit's General Store.
 25144 | Orc:2    | Found Dekkisma's Magic Scroll Emporium.
 25144 | Orc:2    | Found Ureutaogg's Book Shop.
 25333 | Orc:2    | Found a roughly hewn altar of Beogh.
 25363 | Orc:2    | Received a gift from Yredelemnul (a flayed ghost)
 25382 | Orc:2    | Found Lysakkusmo's Book Emporium.
 25902 | Orc:1    | Found a runed translucent door.
 25902 | Orc:1    | Found a shimmering altar of Xom.
 25902 | Orc:1    | Noticed stonage's ghost (journeyman OpAr)
 25939 | Orc:1    | You fall into a shaft and drop 1 floor!
 26187 | Orc:1    | Killed a stone giant
 26187 | Orc:1    | Enslaved a stone giant
 27092 | D:13     | Reached skill level 15 in Shields
 27689 | D:13     | Received a gift from Yredelemnul (a flayed ghost)
 28027 | D:13     | Found a gate to the Vaults.
 28427 | D:14     | Found Dygrimix's Jewellery Emporium.
 28566 | D:14     | Received a gift from Yredelemnul (a flayed ghost)
 28588 | D:14     | Found a runed translucent door.
 28588 | D:14     | You fall into a shaft and drop 1 floor!
 28588 | D:15     | Entered Level 15 of the Dungeon
 29220 | D:15     | Received a gift from Yredelemnul (a skeletal warrior)
 29280 | D:15     | Reached skill level 14 in Fighting
 29571 | D:15     | Found a staircase to the Depths.
 29640 | D:15     | Found a portal to a secret trove of treasure.
 30389 | D:14     | Reached XP level 15. HP: 139/139 MP: 21/23
 30638 | D:14     | Got a crude garnet amulet
 30640 | D:14     | Found a shimmering altar of Xom.
 30640 | D:14     | Noticed Zankipu's ghost (journeyman HONe)
 30713 | D:14     | Killed Zankipu's ghost
 31038 | D:14     | Reached skill level 15 in Fighting
 31174 | D:14     | Received a gift from Yredelemnul (a vampire knight)
 31328 | D:14     | Identified the amulet of the Sun {Harm *Drain rElec Str+6
                  | Dex+3} (You found it on level 14 of the Dungeon)
 31507 | D:14     | Gained mutation: You are surrounded by a mild repulsion
                  | field. (EV +2) [potion of mutation]
 31507 | D:14     | Gained mutation: Your system is resistant to poisons.
                  | (rPois) [potion of mutation]
 31507 | D:14     | Gained mutation: Your flesh is heat resistant. (rF+)
                  | [potion of mutation]
 31761 | Swamp:1  | Entered Level 1 of the Swamp
 31842 | Swamp:1  | Noticed Kirke
 31858 | Swamp:1  | Killed Kirke
 31875 | Swamp:1  | Received a gift from Yredelemnul (a bone dragon)
 31924 | Swamp:1  | Noticed Donald
 31939 | Swamp:1  | Killed Donald
 31939 | Swamp:1  | Enslaved Donald
 32272 | Swamp:1  | Reached skill level 16 in Fighting
 33231 | Swamp:2  | Noticed Nikola
 33242 | Swamp:2  | Killed Nikola
 33242 | Swamp:2  | Enslaved Nikola
 33276 | Swamp:2  | Found a frozen archway.
 33694 | Swamp:3  | Found a transporter.
 33694 | Swamp:3  | Noticed Ezendos's ghost (adept DrVM)
 33725 | Swamp:3  | Received a gift from Yredelemnul (a phantasmal warrior)
 33735 | Swamp:3  | Reached skill level 17 in Fighting
 34126 | Swamp:3  | Found a transporter.
 34614 | Swamp:4  | Entered Level 4 of the Swamp
 34731 | Swamp:4  | Received a gift from Yredelemnul (a vampire)
 34894 | Swamp:4  | Received a gift from Yredelemnul (a ghoul)
 35200 | Swamp:4  | Received a gift from Yredelemnul (a vampire knight)
 35565 | Swamp:4  | Reached skill level 18 in Fighting
 35580 | Swamp:4  | Received a gift from Yredelemnul (a vampire knight)
 36167 | Swamp:4  | Noticed a bone dragon
 36182 | Swamp:4  | Reached skill level 1 in Armour
 36191 | Swamp:4  | Killed a bone dragon
 36537 | Swamp:4  | Got a decaying rune of Zot
 36824 | Spider:1 | Entered Level 1 of the Spider Nest
 36832 | Spider:1 | Received a gift from Yredelemnul (a phantasmal warrior)
 36838 | Spider:1 | Your ally Nikola died
 37215 | Spider:1 | Reached XP level 16. HP: 150/156 MP: 24/24
 37245 | Spider:1 | Received a gift from Yredelemnul (a ghoul)
 37460 | Spider:1 | Reached skill level 5 in Armour
 37461 | Spider:1 | Received a gift from Yredelemnul (a phantasmal warrior)
 37478 | Spider:1 | Reached skill level 5 in Dodging
 37485 | Spider:1 | Received a gift from Yredelemnul (a phantasmal warrior)
 38154 | Spider:2 | Found the +0 pair of fencer's gloves {Riposte Dex+3}
 38593 | Spider:2 | Noticed Arachne
 38603 | Spider:2 | Killed Arachne
 38603 | Spider:2 | Enslaved Arachne
 38967 | Spider:2 | Received a gift from Yredelemnul (a vampire knight)
 39012 | Spider:2 | Reached skill level 19 in Fighting
 40170 | Spider:3 | Received a gift from Yredelemnul (a profane servitor)
 40357 | Spider:3 | Received a gift from Yredelemnul (a flayed ghost)
 41891 | Spider:4 | Entered Level 4 of the Spider Nest
 41903 | Spider:4 | Received a gift from Yredelemnul (a flayed ghost)
 41952 | Spider:4 | Reached skill level 20 in Fighting
 41989 | Spider:4 | Received a gift from Yredelemnul (a skeletal warrior)
 41997 | Spider:4 | Received a gift from Yredelemnul (a flayed ghost)
 42005 | Spider:4 | Received a gift from Yredelemnul (a ghoul)
 42016 | Spider:4 | Reached skill level 21 in Fighting
 43275 | Spider:4 | Got a gossamer rune of Zot
 43682 | Vaults:1 | Entered Level 1 of the Vaults
 43711 | Vaults:1 | Reached XP level 17. HP: 173/173 MP: 25/25
 43720 | Vaults:1 | Received a gift from Yredelemnul (a flayed ghost)
 44107 | Vaults:1 | Received a gift from Yredelemnul (a ghoul)
 45063 | Vaults:1 | Received a gift from Yredelemnul (a skeletal warrior)
 45446 | Vaults:1 | Received a gift from Yredelemnul (a vampire)
 46287 | Vaults:1 | Received a gift from Yredelemnul (a phantasmal warrior)
 46653 | Vaults:1 | Found a runed translucent door.
 46653 | Vaults:1 | Noticed JellyEater's ghost (adept GrEE)
 46936 | Vaults:2 | Received a gift from Yredelemnul (a vampire)
 47283 | Vaults:2 | Reached skill level 15 in Axes
 47286 | Vaults:2 | Found a staircase to the Crypt.
 47353 | Vaults:2 | Received a gift from Yredelemnul (a profane servitor)
 47365 | Vaults:2 | Your ally Arachne died
 48025 | Vaults:2 | Reached XP level 18. HP: 183/183 MP: 26/26
 48166 | Vaults:2 | Found Deub's Armour Boutique.
 48993 | Vaults:2 | Found a large runed translucent door.
 48993 | Vaults:2 | Found a large runed translucent door.
 48997 | Vaults:2 | Noticed Vuacseac's ghost (adept DDFi)
 49247 | Vaults:2 | Killed Vuacseac's ghost
 49252 | Vaults:2 | Got a pitted jade ring
 49388 | Vaults:2 | Identified the ring "Sagor" {rF+ MP+9 Slay+3} (You found it
                  | on level 2 of the Vaults)
 49522 | Vaults:3 | Received a gift from Yredelemnul (a ghoul)
 50191 | Vaults:3 | HP: 3/184 [frost giant/bolt of cold (38)]
 50194 | Vaults:3 | Received a gift from Yredelemnul (a flayed ghost)
 50632 | Vaults:3 | Noticed Frederick
 50641 | Vaults:3 | Killed Frederick
 50641 | Vaults:3 | Enslaved Frederick
 51097 | Vaults:3 | Found Iroxyofo's Jewellery Shoppe.
 51110 | Vaults:3 | Reached skill level 22 in Fighting
 51169 | Vaults:3 | Noticed Asterion
 51180 | Vaults:3 | Killed Asterion
 51584 | Vaults:3 | Noticed a lich
 51595 | Vaults:3 | Killed a lich
 52160 | Vaults:3 | Received a gift from Yredelemnul (a vampire)
 53017 | Vaults:4 | Reached skill level 10 in Armour
 53023 | Vaults:4 | Received a gift from Yredelemnul (a ghoul)
 53498 | Vaults:4 | Received a gift from Yredelemnul (a ghoul)
 53509 | Vaults:4 | Received a gift from Yredelemnul (a vampire)
 53633 | Vaults:4 | Reached XP level 19. HP: 136/192 MP: 27/27
 53803 | Vaults:4 | Your ally Frederick died
 53918 | Vaults:4 | Received a gift from Yredelemnul (a phantasmal warrior)
 54577 | Vaults:4 | Received a gift from Yredelemnul (a phantasmal warrior)
 54962 | Vaults:4 | Received a gift from Yredelemnul (a vampire knight)
 54977 | Vaults:4 | Reached skill level 10 in Dodging
 54990 | Vaults:4 | Received a gift from Yredelemnul (a vampire)
 55623 | D:6      | Bought shiny pearl dragon scales for 1939 gold pieces
 55635 | D:6      | Found a shadowy altar of Dithmenos.
 55761 | Elf:1    | Entered Level 1 of the Elven Halls
 55911 | Elf:1    | Found Qatom's Book Shoppe.
 55912 | Elf:1    | Found Ketoudd's Food Shoppe.
 55912 | Elf:1    | Found Kogeab's Armour Emporium.
 55930 | Elf:1    | Found Uchudo's Antique Armour Emporium.
 56277 | Elf:1    | Got a slimy hand axe
 56658 | Elf:1    | Identified the cursed +2 hand axe "Ogre's Funeral" {venom,
                  | MR+} (You found it on level 1 of the Elven Halls)
 57153 | Elf:2    | Received a gift from Yredelemnul (a phantasmal warrior)
 57375 | Elf:2    | Received a gift from Yredelemnul (a flayed ghost)
 57551 | Elf:2    | Found a ruined gateway.
 57695 | Elf:2    | Received a gift from Yredelemnul (a ghoul)
 57707 | Elf:2    | Found a runed translucent gate.
 57707 | Elf:2    | Found a runed translucent gate.
 57707 | Elf:2    | Found a runed translucent gate.
 57758 | Elf:2    | Got a translucent marble ring
 57759 | Elf:2    | Identified the ring "Onupryra" {rF+ MR+} (You found it on
                  | level 2 of the Elven Halls)
 58507 | Elf:2    | Noticed Louise
 58515 | Elf:2    | Killed Louise
 59134 | Elf:3    | Entered Level 3 of the Elven Halls
 59244 | Elf:3    | Found Amulig's Mayhem Merchandise.
 59344 | Elf:3    | Found a huge runed gate.
 59344 | Elf:3    | Found a huge runed gate.
 59344 | Elf:3    | Found a huge runed gate.
 59357 | Elf:3    | Found a huge runed gate.
 59409 | Elf:3    | Found a huge runed gate.
 59409 | Elf:3    | Found a huge runed gate.
 59409 | Elf:3    | Found a huge runed gate.
 59409 | Elf:3    | Found a huge runed gate.
 59409 | Elf:3    | Found a huge runed gate.
 59409 | Elf:3    | Found a huge runed gate.
 59409 | Elf:3    | Found a huge runed gate.
 59502 | Elf:3    | Noticed a Brimstone Fiend
 59510 | Elf:3    | Reached skill level 23 in Fighting
 59739 | Elf:3    | Reached XP level 20. HP: 203/203 MP: 28/28
 59917 | Elf:3    | Found a flickering gateway to a bazaar.
 59924 | Bazaar   | Entered a bazaar
 59938 | Bazaar   | Found Netsy's Book Shoppe.
 59938 | Bazaar   | Found Posydul's Jewellery Emporium.
 59960 | Bazaar   | Found Tufaked's Armour Shoppe.
 59960 | Bazaar   | Found Sosme's Gadget Emporium.
 59982 | Bazaar   | Found Riggecuc's Gadget Emporium.
 60043 | Bazaar   | Bought the +15 Maxwell's patent armour {-Cast -Tele rElec
                  | MR+ rCorr} for 1396 gold pieces
 60043 | Bazaar   | Found the +15 Maxwell's patent armour {-Cast -Tele rElec
                  | MR+ rCorr}
 60342 | Elf:3    | Received a gift from Yredelemnul (a skeletal warrior)
 61039 | Elf:3    | Identified the ring "Vostridd" {rC+ MP+9 Slay+3}
 61040 | Elf:3    | Found the ring of the Octopus King
 61073 | Elf:3    | Got a ring of the Octopus King
 61074 | Elf:3    | Identified a ring of the Octopus King {MP+9 AC+1 EV+1 Str+1
                  | Int+1 Dex+1} (You found it on level 3 of the Elven Halls)
 61077 | Elf:3    | Identified the Collected Works on Envenoming and Evil
 61510 | Depths:1 | Entered Level 1 of the Depths
 61597 | Depths:1 | Paralysed by an ogre mage for 7 turns
 61748 | Depths:1 | Received a gift from Yredelemnul (a vampire knight)
 61829 | Depths:1 | Found a runed translucent gate.
 61829 | Depths:1 | Found a runed translucent gate.
 61829 | Depths:1 | Found a runed translucent gate.
 61829 | Depths:1 | Noticed EvilAshe's ghost (legendary MfGl)
 61957 | Depths:1 | Found an iron altar of Okawaru.
 62503 | Depths:1 | Received a gift from Yredelemnul (a flayed ghost)
 62602 | Depths:1 | Found an ancient bone altar of Kikubaaqudgha.
 62606 | Depths:1 | Noticed Jory
 62657 | Depths:1 | Killed Jory
 62835 | Depths:1 | Received a gift from Yredelemnul (a vampire)
 63578 | Depths:1 | Received a gift from Yredelemnul (a ghoul)
 63764 | Depths:1 | Found a one-way gate leading to the halls of Pandemonium.
 63764 | Depths:1 | Found a gateway to Hell.
 63773 | Depths:1 | Received a gift from Yredelemnul (a ghoul)
 64500 | Depths:2 | Reached XP level 21. HP: 205/213 MP: 29/29
 64501 | Depths:2 | Received a gift from Yredelemnul (a vampire knight)
 64549 | Depths:2 | Received a gift from Yredelemnul (a ghoul)
 67009 | Depths:3 | Identified the cursed +0 leather armour "Kihyniv" {+Blink
                  | rN+ rCorr}
 67100 | Depths:3 | Reached skill level 24 in Fighting
 67698 | Depths:3 | Received a gift from Yredelemnul (a skeletal warrior)
 68104 | Depths:3 | Reached skill level 15 in Armour
 68218 | Depths:3 | Noticed a juggernaut
 68230 | Depths:3 | Received a gift from Yredelemnul (a skeletal warrior)
 68231 | Depths:3 | Killed a juggernaut
 68231 | Depths:3 | Enslaved a juggernaut
 68506 | Depths:3 | Found a gateway to a ziggurat.
 68702 | Depths:3 | Received a gift from Yredelemnul (a phantasmal warrior)
 69095 | Depths:4 | Killed a juggernaut
 69101 | Depths:4 | Received a gift from Yredelemnul (a vampire knight)
 69548 | Depths:4 | Found a one-way gate to the infinite horrors of the Abyss.
 69996 | Depths:4 | Received a gift from Yredelemnul (a skeletal warrior)
 70553 | Depths:5 | Entered Level 5 of the Depths
 70618 | Depths:5 | Noticed a golden dragon
 70620 | Depths:5 | Reached XP level 22. HP: 209/224 MP: 30/30
 70628 | Depths:5 | Killed a golden dragon
 70628 | Depths:5 | Received a gift from Yredelemnul (a ghoul)
 70778 | Depths:5 | Found a gate to the Realm of Zot.
 70778 | Depths:5 | Noticed a golden dragon
 70784 | Depths:5 | Killed a golden dragon
 70802 | Depths:5 | Received a gift from Yredelemnul (a ghoul)
 71751 | Vaults:5 | Entered Level 5 of the Vaults
 71815 | Vaults:5 | Noticed an ancient lich
 71977 | Vaults:4 | Received a gift from Yredelemnul (a phantasmal warrior)
 71998 | Vaults:5 | Killed an ancient lich
 71999 | Vaults:5 | Received a gift from Yredelemnul (a bone dragon)
 72001 | Vaults:5 | Reached skill level 25 in Fighting
 72270 | Vaults:5 | Found Kawej's Armour Shoppe.
 72274 | Vaults:5 | Received a gift from Yredelemnul (a ghoul)
 72325 | Vaults:5 | Noticed an ancient lich
 72329 | Vaults:5 | Received a gift from Yredelemnul (a skeletal warrior)
 72345 | Vaults:5 | Killed an ancient lich
 72911 | Vaults:5 | Noticed a golden dragon
 72918 | Vaults:5 | Killed a golden dragon
 72918 | Vaults:5 | Reached XP level 23. HP: 208/234 MP: 31/31
 72958 | Vaults:5 | Received a gift from Yredelemnul (a skeletal warrior)
 73260 | Vaults:5 | Identified the +7 hand crossbow "Doezev" {flame, rElec
                  | Dex-3 Stlth+}
 73260 | Vaults:5 | Identified the +6 leather armour of Said {rC+ Str+4 Int-3}
 73432 | Vaults:5 | Received a gift from Yredelemnul (a vampire)
 73966 | Vaults:5 | Got a silver rune of Zot
 74010 | Vaults:5 | Found Miguixem's Gadget Shoppe.
 74014 | Vaults:5 | Received a gift from Yredelemnul (a skeletal warrior)
 74805 | Depths:5 | Identified a scroll of acquirement
 74872 | Zot:1    | Entered Level 1 of the Realm of Zot
 74941 | Zot:1    | You fall into a shaft and drop 1 floor!
 74965 | Zot:1    | Received a gift from Yredelemnul (a flayed ghost)
 75179 | Zot:1    | Noticed an orb of fire
 75182 | Zot:1    | Gained mutation: You have large cloven feet. [an orb of
                  | fire]
 75188 | Zot:1    | Gained mutation: Your body sometimes deteriorates upon
                  | taking damage. [an orb of fire]
 75189 | Zot:1    | Killed an orb of fire
 75754 | Zot:1    | Noticed an orb of fire
 75764 | Zot:1    | Received a gift from Yredelemnul (a vampire)
 75768 | Zot:1    | Killed an orb of fire
 76150 | Zot:2    | Reached XP level 24. HP: 211/243 MP: 31/31
 77056 | Zot:3    | Received a gift from Yredelemnul (a vampire knight)
 77695 | Zot:3    | Received a gift from Yredelemnul (a skeletal warrior)
 78762 | Zot:4    | Received a gift from Yredelemnul (a ghoul)
 79167 | Zot:5    | Entered Level 5 of the Realm of Zot
 79210 | Zot:5    | Reached skill level 26 in Fighting
 79269 | Zot:5    | Noticed an ancient lich
 79271 | Zot:5    | Noticed an ancient lich
 79273 | Zot:5    | Noticed a Killer Klown
 79276 | Zot:5    | Noticed an orb of fire
 79278 | Zot:5    | Noticed an orb of fire
 79279 | Zot:5    | Killed an ancient lich
 79280 | Zot:5    | Noticed an orb of fire
 79281 | Zot:5    | Noticed a Killer Klown
 79283 | Zot:5    | Noticed a Killer Klown
 79292 | Zot:5    | Noticed an orb of fire
 79292 | Zot:5    | Noticed an ancient lich
 79294 | Zot:5    | Killed an ancient lich
 79300 | Zot:5    | Noticed a Killer Klown
 79302 | Zot:5    | Killed an orb of fire
 79305 | Zot:5    | Gained mutation: You do not regenerate when monsters are
                  | visible. [an orb of fire]
 79306 | Zot:5    | Lost mutation: Your system is resistant to poisons. (rPois)
                  | [an orb of fire]
 79306 | Zot:5    | Gained mutation: Your spells are a little easier to cast,
                  | but a little less powerful. [an orb of fire]
 79317 | Zot:5    | Gained mutation: Scrolls take you a little longer to read.
                  | [an orb of fire]
 79317 | Zot:5    | Gained mutation: Armour fits poorly on your strangely
                  | shaped body. [an orb of fire]
 79320 | Zot:5    | Gained mutation: You are dopey. (Int -2) [an orb of fire]
 79321 | Zot:5    | Killed an ancient lich
 79322 | Zot:5    | Gained mutation: You tend to lose your temper in combat.
                  | [an orb of fire]
 79323 | Zot:5    | Lost mutation: Your flesh is heat resistant. (rF+) [an orb
                  | of fire]
 79323 | Zot:5    | Gained mutation: Scrolls take you longer to read. [an orb
                  | of fire]
 79324 | Zot:5    | Gained mutation: Your magical capacity is low. (-10% MP)
                  | [an orb of fire]
 79329 | Zot:5    | Gained mutation: You are very dopey. (Int -4) [an orb of
                  | fire]
 79329 | Zot:5    | Gained mutation: Your spells are easier to cast, but less
                  | powerful. [an orb of fire]
 79331 | Zot:5    | Killed an orb of fire
 79331 | Zot:5    | Reached XP level 25. HP: 154/254 MP: 2/27
 79332 | Zot:5    | Killed an orb of fire
 79332 | Zot:5    | Killed an orb of fire
 79336 | Zot:5    | HP: 16/382 [purple draconian stormcaller (40)]
 79342 | Zot:5    | Received a gift from Yredelemnul (a bone dragon)
 79347 | Zot:5    | HP: 5/255 [Orb Guardian (12)]
 79353 | Zot:5    | HP: 1/255 [Orb Guardian (8)]
 79355 | Zot:5    | Mangled by a white draconian

Levels and vault maps discovered:
D:1:      saegor_arrival_simple_b, layout_basic, minivault_19,
          minmay_misc_feat_square, hex_large, st_stairs_5
D:2:      layout_loops_ring, minitemple, first_ration
D:3:      layout_loops_ring, uniq_natasha
D:4:      layout_cave_pools, lemuel_coloured_pillars_altar,
          minmay_temple_entry_waves, serial_forest,
          infiniplex_forest_clump_small, infiniplex_forest_clump_long,
          infiniplex_forest_clump_double, infiniplex_forest_pool,
          infiniplex_forest_lined_corner, infiniplex_forest_corner_2,
          infiniplex_forest_lined_room_2, grunt_ministairs_8,
          lightli_corner_chamber
D:5:      layout_basic, serial_shops, shop
D:6:      layout_cave_pools, kennysheep_little_box, serial_shops, shop,
          basic_altar, hangedman_abyss_or_decor_passed, nrook_loot_triangle,
          uniq_blork_the_orc
D:7:      minmay_the_grid_square_5x5_3x3 [minmay_the_grid_square_5x5_checkered,
          minmay_the_grid_square_5x5_gyroscope,
          minmay_the_grid_square_5x5_misaligned,
          minmay_the_grid_square_5x5_one_wall,
          minmay_the_grid_square_5x5_megaprize_checkered,
          minmay_the_grid_square_5x5_three_walls,
          minmay_the_grid_square_5x5_longway, minmay_the_grid_square_5x5_comb,
          minmay_the_grid_square_5x5_bridge], layout_cave_pools, serial_glass,
          glass_columns_c, glass_columns_c, item_on_display_a,
          due_unseen_surprise, feat_on_display, uniq_pikel
D:8:      layout_gridville, david_lair_shrubbed, serial_shops, kennysheep_mini,
          basic_altar, uniq_joseph, uniq_prince_ribbit1
D:9:      layout_roguey, nicolae_ru_great_annihilating_truth,
          minmay_diamond_spiral
D:10:     lemuel_slime, layout_stronghold
D:11:     layout_rooms, orc_david_3, basic_altar
D:12:     gammafunk_sealed_arena, layout_loops_ring
D:13:     layout_gridville, david_vaults_4
D:14:     layout_small_grid, ebering_ghost_xom, hangedman_decor_points,
          serial_shops, shop, hangedman_abyss_or_decor_stagger
D:15:     grunt_enter_depths_hoard, layout_loops_ring, serial_glass,
          glass_columns_a, glass_columns_a, enter_trove_3,
          minmay_misc_feat_diagonals
Temple:   zaba_magenta_temple
Lair:1:   layout_small_grid
Lair:2:   layout_cave_pods, nicolae_spider_entry_non_spiders,
          grunt_forest_large_clearing_hut
Lair:3:   layout_gridlike, serial_forest, infiniplex_forest_clump_long,
          infiniplex_forest_lined_room_, infiniplex_forest_clump_diagonal,
          infiniplex_forest_end_1, infiniplex_forest_clump_small,
          infiniplex_forest_end_1
Lair:4:   layout_misc_corridors, palyth_hydra_swamp_entry
Lair:5:   layout_cave_pods, gammafunk_ghost_grave
Lair:6:   minmay_lair_end_enchanted_forest, layout_regular_city,
          minmay_slime_entry_oklob_enclosed, minivault_26, uniq_sonja
Swamp:1:  layout_falls_marsh, evilmike_swamp_ruin_house_3, uniq_kirke,
          uniq_donald
Swamp:2:  layout_basic_swamp, portal_ice_cave_entry_dragon,
          evilmike_swamp_ruin_house_4, uniq_nikola
Swamp:3:  layout_falls_marsh, gammafunk_ghost_mausoleum, serial_swamp_ruin,
          hangedman_swamp_ruin_wall, evilmike_swamp_ruin_house_1,
          evilmike_swamp_ruin_rubble_1, swamp_pool1, infiniplex_staircase_pool
Swamp:4:  swamp_pestilence, layout_basic_swamp, swamp_pool2
Spider:1: layout_spider_delve, zaba_antful_of_joy
Spider:2: layout_chambers, uniq_arachne
Spider:3: layout_spider_delve, special_room [special_room_bee],
          spiders_nest_the_unseen
Spider:4: guppyfry_spider_rune
Orc:1:    layout_caves, ebering_ghost_xom
Orc:2:    st_orc_town, layout_caves, basic_altar, serial_shops,
          nicolae_shop_window_shopping
Elf:1:    layout_geoelf_diagonals, mu_enter_wizlab_4, hangedman_elf_disciples,
          minmay_shoptagon
Elf:2:    layout_geoelf_octagon, portal_desolation_entry_ruin, uniq_louise
Elf:3:    minmay_elf_hall_dome, layout_geoelf_castle, serial_shops,
          bzr_entry_safe, minmay_shop_mayhem, door_vault
Vaults:1: ebering_vaults_ghost_inner_flame, nicolae_vaults_border_crossing,
          hangedman_vaults_nails, nicolae_vaults_stairing_the_circle,
          ontoclasm_vaults_ligature, ontoclasm_vaults_claustrophobia,
          nicolae_vaults_little_squares_1, nicolae_vaults_diagonal_hallway_7,
          nicolae_vaults_windows_and_doors_thing, nicolae_vaults_sealed_display,
          layout_vaults_big_room
Vaults:2: ebering_vaults_ghost_disaster_area, hangedman_vaults_nails, v_misc_26,
          v_misc_28, ontoclasm_vaults_fault, layout_vaults_omnigrid,
          minmay_crypt_entry_simple_round, serial_shops, shop
Vaults:3: vaults_mumra_chevron_long, st_spiral_rooms, vaults_standard_mumra_x,
          nicolae_vaults_diagonal_hallway_9, nicolae_vaults_little_squares_4,
          hangedman_vaults_slither, nicolae_vaults_circle_grid_a, v_misc_8,
          vaults_room_grid, ontoclasm_vaults_tryst, v_misc_30,
          nicolae_vaults_network_barrier, grunt_vaults_hallway_short,
          layout_vaults_maze, serial_shops, shop, uniq_asterion, uniq_frederick
Vaults:4: v_misc_4, vaults_room_grid, hangedman_vaults_slice, v_misc_13,
          ontoclasm_vaults_chip, nicolae_vaults_big_angled_halls, v_rooms_1,
          vaults_room_glass_cross, nicolae_vaults_three_branches,
          vaults_room_door_ring, v_misc_3, layout_vaults_omnicross
Vaults:5: serial_shops
Depths:1: lemuel_vampire_tower, layout_basic, minmay_misc_feat_four_crosses,
          rand_demon_pan_entry_5, hell_entry, biasface_ghost_demon_polymorph,
          grunt_decor_resistance, serial_sigils_hangedman_confine, drop_trap,
          minivault_16, hangedman_abyss_or_decor_jellyfish_corner, hex_medium,
          okawaru_ov_weapons_minmay
Depths:2: kennysheep_six_static_rooms, layout_cave_pools, pf_coc_iceberg,
          grunt_pan_entry_sceptre, bh_walls_and_bars, serial_bayou_crossing
Depths:3: cheibrodos_hall_of_evolution, layout_gridlike, enter_ziggurat_f,
          minmay_misc_feat_pillars, hangedman_tar_grid_catacomb,
          grunt_pan_entry_in_and_out, minmay_starry_boxes
Depths:4: gold_lair_mu, layout_gridville, grunt_hell_entry_demonic_statue,
          infiniplex_staircase_zigzag_4, abyss_entry
Depths:5: grunt_crosshair, layout_cave_shapes, hangedman_abyss_or_decor_stabs,
          hell_entry, st_stairs_7, minmay_shop_grove, kennysheep_random_hallway,
          serial_bayou_shore_a, infiniplex_staircase_pool_lava
Zot:1:    layout_misc_corridors, hangedman_zot_decor_scrapings, st_stairs_8,
          st_large_dragon_hoard_1, grunt_megastairs_2
Zot:2:    layout_basic
Zot:3:    layout_misc_corridors, lemuel_golem_globe, grunt_megastairs_3
Zot:4:    layout_misc_corridors, grunt_megastairs_4
Zot:5:    layout_gridlike, st_stairs_9, drop_trap

Skill      XL: |  1  2  3  4  5  6  7  8  9 10 11 12 13 14 15 16 17 18 19 20 21 22 23 24 |
---------------+-------------------------------------------------------------------------+-----
Maces & Flails | 4 5 6 7 8 9 10 12 14 | 14.3
Invocations    | 2 3 5 6 9 12 | 12.0
Shields        | 3 7 9 12 14 15 | 15.0
Fighting       | 4 5 10 12 14 18 21 22 23 24 25 26 | 26.6
Spellcasting   | 1 3 4 |  4.0
Axes           | 6 11 15 17 18 20 22 24 25 | 25.0
Armour         | 4 6 8 10 12 14 15 17 20 22 | 22.2
Dodging        | 4 5 6 9 10 11 14 | 14.9
Stealth        | |  1.5

Action                   |  1- 3 |  4- 6 |  7- 9 | 10-12 | 13-15 | 16-18 | 19-21 | 22-24 | 25-27 || total
-------------------------+-------+-------+-------+-------+-------+-------+-------+-------+-------++-------
Melee: Mace              |    64 |   114 |   155 |       |       |       |       |       |       ||   333
       Headbutt          |    13 |    17 |    42 |   127 |   267 |   250 |   325 |   211 |     2 ||  1254
       Whip              |       |       |    31 |   363 |   135 |       |       |       |       ||   529
       Hand axe          |       |       |       |   175 |   813 |   654 |   828 |   289 |       ||  2759
       Eveningstar       |       |       |       |       |       |       |     6 |       |       ||     6
       Executioner's axe |       |       |       |       |       |       |       |   239 |     7 ||   246
Throw: Dart              |       |       |     8 |    14 |    18 |     3 |       |     3 |       ||    46
Invok: Animate Remains   |       |     2 |     7 |       |       |       |       |       |       ||     9
       Animate Dead      |       |       |    10 |    38 |    77 |    52 |    52 |    47 |     1 ||   277
       Drain Life        |       |       |       |     3 |     6 |     8 |     9 |    29 |       ||    55
       Recall Undead Sla |       |       |       |     1 |    12 |     9 |    12 |    10 |       ||    44
       Enslave Soul      |       |       |       |       |     3 |     2 |     1 |       |       ||     6
       Injury Mirror     |       |       |       |       |       |       |       |       |     1 ||     1
  Use: Scroll            |       |     5 |     4 |     7 |    13 |     5 |     8 |    10 |       ||    52
       Potion            |       |     1 |       |     2 |     6 |     7 |       |     7 |     4 ||    27
 Stab: Sleeping          |     4 |     2 |       |       |     1 |     3 |     1 |       |       ||    11
       Distracted        |       |     1 |       |     5 |    15 |    22 |    27 |    33 |       ||   103
       Paralysed         |       |       |       |     1 |     2 |     4 |     1 |     2 |       ||    10
       Confused          |       |       |       |       |     1 |       |       |       |       ||     1
       Invisible         |       |       |       |       |       |       |       |     1 |     4 ||     5
  Eat: Chunk             |       |     8 |    14 |    33 |    54 |    32 |    31 |    12 |       ||   184
       Ration            |       |       |       |     5 |    11 |    11 |    12 |    11 |       ||    50
Armor: Robe              |    13 |    17 |       |       |       |       |       |       |       ||    30
       Ring mail         |       |    16 |    54 |   141 |   198 |    94 |     9 |       |       ||   512
       Pearl dragon scal |       |       |       |       |       |       |    22 |       |       ||    22
       Plate armour      |       |       |       |       |       |       |   186 |   326 |     7 ||   519
Dodge: Dodged            |    44 |    82 |    82 |   245 |   507 |   262 |   321 |   385 |     5 ||  1933
Block: Shield            |       |       |       |       |   328 |   409 |   476 |   197 |       ||  1410

Table legend:
 A = Non-vault XP
 B = Vault XP
 C = Vault XP percentage of total XP
 D = Non-vault monster count
 E = Vault monster count
 F = Vault count percentage of total count
                 A         B        C        D         E       F
            +---------+---------+-------+---------+---------+-------
      Total |  668126 |  513913 |  43.5 |    1571 |     822 |  34.4
            +---------+---------+-------+---------+---------+-------
        D:1 |      50 |       3 |   5.7 |      22 |       2 |   8.3
        D:2 |      76 |       0 |   0.0 |      21 |       0 |   0.0
        D:3 |     122 |      35 |  22.3 |      23 |       1 |   4.2
        D:4 |     676 |       4 |   0.6 |      17 |       2 |  10.5
        D:5 |    1149 |       0 |   0.0 |      26 |       0 |   0.0
        D:6 |     677 |      74 |   9.9 |      20 |       1 |   4.8
        D:7 |     571 |    1272 |  69.0 |      11 |       4 |  26.7
        D:8 |    1032 |     953 |  48.0 |      31 |       3 |   8.8
        D:9 |    1144 |     494 |  30.2 |      29 |       8 |  21.6
       D:10 |    2228 |     460 |  17.1 |      25 |      18 |  41.9
       D:11 |    4904 |     290 |   5.6 |      31 |       5 |  13.9
       D:12 |    5505 |       0 |   0.0 |      22 |       0 |   0.0
       D:13 |    7679 |    2458 |  24.2 |      46 |       4 |   8.0
       D:14 |    8857 |    1606 |  15.3 |      41 |       2 |   4.7
       D:15 |    7700 |    1806 |  19.0 |      25 |       2 |   7.4
     Lair:1 |    6021 |       0 |   0.0 |      27 |       0 |   0.0
     Lair:2 |    6956 |    1352 |  16.3 |      27 |      11 |  28.9
     Lair:3 |    4524 |       0 |   0.0 |      18 |       0 |   0.0
     Lair:4 |    3684 |    2406 |  39.5 |      13 |       5 |  27.8
     Lair:5 |    5172 |       0 |   0.0 |      20 |       0 |   0.0
     Lair:6 |    8372 |    8095 |  49.2 |      28 |      53 |  65.4
    Swamp:1 |    7056 |    2286 |  24.5 |      30 |       4 |  11.8
    Swamp:2 |    5707 |     898 |  13.6 |      16 |       1 |   5.9
    Swamp:3 |    5419 |       0 |   0.0 |      14 |       0 |   0.0
    Swamp:4 |    7059 |    9035 |  56.1 |      24 |      43 |  64.2
   Spider:1 |   13106 |    4442 |  25.3 |      49 |      35 |  41.7
   Spider:2 |   11291 |       0 |   0.0 |      45 |       0 |   0.0
   Spider:3 |    8637 |    2500 |  22.4 |      31 |      26 |  45.6
   Spider:4 |   15264 |   13752 |  47.4 |      61 |      38 |  38.4
      Orc:1 |    1976 |     933 |  32.1 |      14 |       6 |  30.0
      Orc:2 |    1745 |    5996 |  77.5 |      14 |      50 |  78.1
      Elf:1 |    8585 |    5614 |  39.5 |      15 |       9 |  37.5
      Elf:2 |   10157 |   19590 |  65.9 |      22 |      29 |  56.9
      Elf:3 |   15893 |   43105 |  73.1 |      30 |      46 |  60.5
   Vaults:1 |   38782 |   15762 |  28.9 |      83 |      34 |  29.1
   Vaults:2 |   22101 |    6950 |  23.9 |      55 |      12 |  17.9
   Vaults:3 |   39792 |   19007 |  32.3 |      70 |      29 |  29.3
   Vaults:4 |   35130 |   41648 |  54.2 |      74 |      66 |  47.1
   Vaults:5 |   26333 |   93894 |  78.1 |      50 |      71 |  58.7
   Depths:1 |   40377 |   25208 |  38.4 |      67 |      53 |  44.2
   Depths:2 |   17566 |    4701 |  21.1 |      31 |       7 |  18.4
   Depths:3 |   40699 |   12654 |  23.7 |      57 |      37 |  39.4
   Depths:4 |   33729 |   12869 |  27.6 |      48 |      31 |  39.2
   Depths:5 |   20202 |   30755 |  60.4 |      29 |      24 |  45.3
      Zot:1 |   64005 |   15957 |  20.0 |      43 |      10 |  18.9
      Zot:2 |   40866 |       0 |   0.0 |      32 |       0 |   0.0
      Zot:3 |   29932 |   10372 |  25.7 |      21 |       7 |  25.0
      Zot:4 |   13964 |    9821 |  41.3 |      10 |       7 |  41.2
      Zot:5 |   15654 |   84856 |  84.4 |      13 |      26 |  66.7
            +---------+---------+-------+---------+---------+-------
